 Dungeon Crawl Stone Soup version 0.32-a0-876-gcfddb08e57 (webtiles) character file.

Game seed: 6159642686932777487

1076 Gekot the Trooper (level 8, 0/81 HPs)
             Began as a Gargoyle Fighter on Apr 1, 2024.
             Was an Initiate of Okawaru.
             Incinerated by a bombardier beetle (4 damage)
             ... with a burning spray
             ... on level 5 of the Dungeon.
             The game lasted 00:13:39 (4725 turns).

Gekot the Trooper (Gargoyle Fighter)                Turns: 4725, Time: 00:13:40

Health: 0/81       AC: 24    Str: 22    XL:     8   Next: 29%
Magic:  8/8        EV:  2    Int:  9    God:    Okawaru [......]
Gold:   332        SH:  4    Dex:  9    Spells: 7/7 levels left

rFire   . . .        a - +0 flail
rCold   . . .        c - +0 buckler
rNeg    + . .        w - melded +0 plate armour
rPois   ∞            l - melded +0 helmet
rElec   .            (cloak currently unavailable)
rCorr   .            (gloves currently unavailable)
SInv    .            (boots currently unavailable)
Will    .....        (no amulet)
Stlth   +            (no ring)
HPRegen 0.33/turn    (no ring)
MPRegen 0.11/turn

%: no passive effects
@: on fire, tree-form, glowing
A: stationary, stasis, torment immunity, boosted hp, sickness immunity, AC +5,
negative energy resistance 1, (electricity resistance), torment resistance 1,
petrification resistance
a: Renounce Religion


You were on level 5 of the Dungeon.
You worshipped Okawaru.
Okawaru was noncommittal.
You were a tree.
You visited 2 branches of the dungeon, and saw 6 of its levels.
You also visited: Sewer.

You collected 332 gold pieces.

Inventory:

Hand Weapons
 a - a +0 flail (weapon)
Armour
 c - a +0 buckler (worn)
 l - a +0 helmet (melded)
 w - a +0 plate armour (melded)
Wands
 o - a wand of digging (7)
Scrolls
 d - 3 scrolls of noise
 g - 4 scrolls of fog {unknown}
 i - 6 scrolls of identify {unknown}
 k - 2 scrolls of enchant weapon {unknown}
 m - 4 scrolls of teleportation {unknown}
 n - a scroll of immolation {unknown}
 q - a scroll of butterflies {unknown}
 r - 2 scrolls of amnesia {unknown}
 t - 2 scrolls of revelation {unknown}
 u - a scroll of blinking {unknown}
 x - a scroll of silence {unknown}
 y - a scroll of poison {unknown}
 z - a scroll of vulnerability {unknown}
Potions
 b - a potion of brilliance {unknown}
 e - a potion of berserk rage {unknown}
 f - 2 potions of lignification
 h - 2 potions of curing {unknown}
 j - 2 potions of attraction {unknown}
 p - a potion of magic {unknown}
 s - 2 potions of enlightenment
 v - a potion of haste {unknown}


   Skills:
 + Level 7.7 Fighting
 + Level 6.3 Maces & Flails
 - Level 3.2 Armour
 - Level 5.0 Shields


You had 7 spell levels left.
You didn't know any spells.
Your spell library was empty.

Dungeon Overview and Level Annotations

Branches:
Dungeon (5/15)             Temple (1/1) D:4           Sewer (visited)

Altars:
Ashenzari
Cheibriados
Dithmenos
Elyvilon
Fedhas
Hepliaklqana
Kikubaaqudgha
Makhleb
Nemelex Xobeh
Okawaru
Qazlal
Ru
Sif Muna
Trog
Vehumet
Wu Jian
Xom
Yredelemnul
The Shining One


Innate Abilities, Weirdness & Mutations

You are a tree.
Your roots penetrate the ground, keeping you stationary.
You cannot be teleported.
You are immune to unholy pain and torment.
Your maximum health is greatly increased.
Your equipment is partially melded.
You are immune to sickness and miasma.
((Your stone body is resilient. (AC +5)))
You are immune to poison.
You resist negative energy. (rN+)
((You are resistant to electric shocks. (rElec)))
You are resistant to unholy torment.
You are immune to petrification.


Message History

The liquid fire burns you!
The bombardier beetle sprays incendiary fluid at you.
The burning spray hits you.
You are even more covered in liquid fire!
You hit the bombardier beetle but do no damage.
The bombardier beetle is severely wounded.
The liquid fire burns you!
The bombardier beetle barely misses you.
You sock the bombardier beetle!
You kill the bombardier beetle!
Okawaru accepts your kill. The liquid fire burns you!
You shake off some of the fire as you move.
The liquid fire burns you!
You are on fire!
You are on fire!
You are on fire!
You are on fire!
The liquid fire burns you! The liquid fire burns you!
The liquid fire burns you! The liquid fire burns you!
The liquid fire burns you! The liquid fire burns you!
* * * LOW HITPOINT WARNING * * *
The liquid fire burns you!
* * * LOW HITPOINT WARNING * * *
It was a potion of lignification.
You turn into a tree.
Your +0 helmet melds into your body.
Your +0 plate armour melds into your body.
Your roots penetrate the ground.
The liquid fire burns you!
* * * LOW HITPOINT WARNING * * *
You are on fire!
You are on fire!
You are on fire!
The liquid fire burns you!
* * * LOW HITPOINT WARNING * * *
The liquid fire burns you!
You die...

#........####.....#
#................##
#........####.|...####
#........##..........#
#...........#...####.###
#..........##.### #.#..
#######.....#.######...#
#.###...##......##
#♣.##......###.)..
##.##.###### #..##
#.##.# .....## ......
#..##..## .#.... ...
..... ....... ## ......
#.###.. ....... .# #..
.......# ......


There were no monsters in sight!

Vanquished Creatures
  Grinder (D:3)
  A brain worm (Sewer)
  A bullfrog (Temple)
  A scorpion (D:4)
  A bombardier beetle (D:5)
  A jelly (D:4)
  2 orc priests
  3 hounds
  2 sleepcaps
  2 iguanas (D:4)
  Natasha (thrice) (D:2)
  An orc wizard (D:5)
  A gnoll (D:5)
  9 adders
  6 river rats
  6 ribbon worms
  A dart slug (D:1)
  10 orcs
  13 ball pythons
  4 endoplasms
  3 giant cockroaches
  4 goblins
  5 hobgoblins
  A jackal (Sewer)
  8 kobolds
  6 quokkas
  7 bats
  4 frilled lizards
  5 rats
112 creatures vanquished.

Notes
Turn   | Place    | Note
-------+----------+-------------------------------------------
     0 | D:1      | Gekot the Gargoyle Fighter began the quest for the Orb.
     0 | D:1      | Reached XP level 1. HP: 14/14 MP: 1/1
   173 | D:1      | Reached XP level 2. HP: 19/19 MP: 2/2
   715 | D:2      | Reached XP level 3. HP: 24/24 MP: 3/3
   746 | D:2      | Noticed Natasha
   774 | D:2      | Killed Natasha
   775 | D:2      | Reached skill level 4 in Fighting
   775 | D:2      | Reached XP level 4. HP: 9/29 MP: 4/4
   957 | D:2      | Noticed Natasha
   968 | D:2      | Killed Natasha
  1083 | D:2      | Noticed Natasha
  1095 | D:2      | Killed Natasha
  1096 | D:2      | Reached XP level 5. HP: 34/34 MP: 5/5
  1366 | D:3      | Found a broken altar of Ashenzari.
  1545 | D:3      | Noticed Grinder
  1559 | D:3      | Paralysed by Grinder for 3 turns
  1562 | D:3      | Killed Grinder
  1563 | D:3      | Reached skill level 5 in Fighting
  1563 | D:3      | Reached skill level 5 in Shields
  1563 | D:3      | Reached XP level 6. HP: 28/41 MP: 6/6
  1656 | D:3      | Found a faded altar of an unknown god.
  2122 | D:4      | Reached skill level 6 in Fighting
  2122 | D:4      | Reached XP level 7. HP: 40/46 MP: 7/7
  2508 | D:4      | Found a glowing drain.
  2517 | Sewer    | Entered a sewer
  2678 | Sewer    | Reached skill level 5 in Maces & Flails
  3513 | D:4      | Reached skill level 7 in Fighting
  3821 | D:4      | Reached XP level 8. HP: 25/53 MP: 8/8
  4327 | D:4      | Found a staircase to the Ecumenical Temple.
  4333 | Temple   | Entered the Ecumenical Temple
  4350 | Temple   | Became a worshipper of Warmaster Okawaru
  4589 | D:5      | Entered Level 5 of the Dungeon
  4724 | D:5      | HP: 3/81 [burnt (3)]
  4725 | D:5      | Incinerated by a bombardier beetle

Illustrated notes

Levels and vault maps discovered:
D:1:      dpeg_arrival_simpleton_c, layout_loops_ring
D:2:      layout_rooms, uniq_natasha
D:3:      layout_loops_ring, evilmike_ruin_ashenzari, basic_ecumenical_altar,
          uniq_grinder
D:4:      layout_basic, minmay_temple_entry_nine_rooms, portal_sewer_entry_a,
          chequers_serial_rivers_room_b
D:5:      layout_rooms, nicolae_titane
Temple:   hc_temple_tempest_star

Skill      XL: |  1  2  3  4  5  6  7  8 |
---------------+-------------------------+-----
Fighting       | 4 5 6 7 |  7.7
Maces & Flails | 3 4 5 6 |  6.3
Shields        | 4 5 |  5.0
Armour         | |  3.2

Action                     |  1- 3 |  4- 6 |  7- 9 || total
---------------------------+-------+-------+-------++-------
  Melee: Flail             |    60 |   151 |   301 ||   512
    Use: Potion            |       |     1 |     2 ||     3
 Armour: Scale mail        |    78 |    29 |       ||   107
         Chain mail        |       |    81 |   271 ||   352
         Plate armour      |       |       |    65 ||    65
  Dodge: Dodged            |    32 |    44 |   116 ||   192
  Block: Buckler           |    14 |    35 |    76 ||   125

Table legend: (Time is in decaauts)
 A = Elapsed time spent in this place.
 B = Non-inter-level travel time spent in this place.
 C = Inter-level travel time spent in this place.
 D = Time resting spent in this place.
 E = Time spent auto-exploring this place.
 F = Levels seen in this place.
 G = Mean time per level.
                   A        B        C        D        E       F      G
               +--------+--------+--------+--------+--------+-----+--------+
         Total |   5053 |   4948 |    105 |    572 |   3076 |   7 |  721.9 |
       Dungeon |   3874 |   3802 |     72 |    448 |   2423 |   5 |  774.8 |
        Temple |    120 |     87 |     33 |     64 |      0 |   1 |  120.0 |
         Sewer |   1058 |   1058 |      0 |     60 |    653 |   1 | 1058.0 |
               +--------+--------+--------+--------+--------+-----+--------+

Top non-repeatable levels by time:
     D:4: 1384 daAuts
   Sewer: 1058 daAuts
     D:3: 1051 daAuts
     D:1: 720 daAuts
     D:2: 579 daAuts
     D:5: 138 daAuts
  Temple: 120 daAuts
